AoeStats
← SDK. EL COLOMBIANO

Hideout

509362408Analyzed
1v1 RM · 6d ago on Sep 26, 2026· 43m 43s· 2 players
Game mode
Random Map
Map size
Tiny (2 player)
Population
200
Speed
Normal
Resources
Standard
Victory
Conquest
Starting age
Dark Age
Ending age
Imperial Age
RankedLock teamsTeams togetherTeam positionsShared explorationLock speedFull tech treeHidden civsTurbo modeCheats
Victory
Defeat
🇨🇴 Tupi · Colombia
860
+14
🇨🇦 Japanese · Canada
820
-14
sheogorath26
10:29 Feudal Age
11:01 Man-at-Arms
12:49 Scale Mail Armor
13:43 Double-Bit Axe
15:08 Horse Collar
16:50 Arson
18:15 Forging
19:20 Wheelbarrow
21:33 Castle Age
21:06 Fletching
21:36 Padded Archer Armor
21:30 Gold Mining
22:43 Bodkin Arrow
24:19 Loom
25:00 Town Watch
25:46 Bow Saw
25:11 Long Swordsman
25:37 Gambesons
26:50 Chain Mail Armor
26:51 Leather Archer Armor
28:07 Squires
28:13 Squires
27:35 Elite Skirmisher
28:59 Thumb Ring
30:52 Masonry
32:22 Heavy Plow
37:53 Imperial Age
SDK. EL COLOMBIANO
11:20 Feudal Age
11:38 Loom
16:26 Castle Age
27:03 Imperial Age
25:19 Fletching
26:12 Padded Archer Armor
27:50 Bodkin Arrow
30:05 Conscription
31:57 Double-Bit Axe
31:53 Horse Collar
32:53 Bracer
35:57 Wheelbarrow
37:16 Leather Archer Armor
37:41 Ballistics
43:42 Chemistry
44:20 Ring Archer Armor
Connection lost

Rejoining the realm…

Still unreachable

The connection could not be restored.

Session expired

The server has moved on; the page needs a fresh start.